Connexion

NASHVILLE Predators vs LOS ANGELES Kings (R2)

Created - 22 décembre 2023 at 05:50

Goals
1 2 3 T
NASHVILLE Predators 0 1 2 3
LOS ANGELES Kings 1 0 0 1
Shots
1 2 3 T
NASHVILLE Predators 8 6 11 25
LOS ANGELES Kings 6 2 7 15

GoalsPenalties
1st period
1. LOS ANGELES Kings , Jason Zucker 23 (Mika Zibanejad 19, Calen Addison 26) at 2:48
Derek Forbort (L.A) for Boarding (Minor) at 5:38
Erik Gustafsson (NAS) for Roughing (Minor) at 8:48
Jason Zucker (L.A) for Cross-checking (Minor) at 15:45
2nd period
2. NASHVILLE Predators , Vladislav Namestnikov 19 (Leon Draisaitl 28, Cam Fowler 34) at 6:19 (PP)
Nick Foligno (L.A) for Interference (Minor) at 5:34
Thomas Chabot (L.A) for Boarding (Minor) at 8:16
Ryan Donato (NAS) for Slashing (Minor) at 11:01
Josh Morrissey (NAS) for Holding (Minor) at 15:01
3rd period
3. NASHVILLE Predators , Leon Draisaitl 13 (Cam Fowler 35, Kevin Labanc 19) at 3:50 (PP)
4. NASHVILLE Predators , Filip Forsberg 23 (Bryan Rust 19, Leon Draisaitl 29) at 18:28
Arber Xhekaj (L.A) for Tripping (Minor) at 3:32
Olli Maatta (L.A) for Cross-checking (Minor) at 7:49
Goalie Stats
Matt Murray (NAS), 14 saves from 15 shots - (0,933), W, 15-17-2, 60:00 minutes
Cayden Primeau (L.A), 22 saves from 25 shots - (0,880), L, 1-5-4, 60:00 minutes
3 StarsOfficial
1 - Leon Draisaitl (NAS)
2 - Filip Forsberg (NAS)
3 - Vladislav Namestnikov (NAS)
Referees : Brad Meier and Kerry Fraser
Linesman : Steve Miller and Mike Cvik
Game Note
No Game Note
Finance
Level 1 -- Attendance: 5497 (91,62%) -- Ticket Income $742,095
Level 2 -- Attendance: 4210 (82,26%) -- Ticket Income $378,900
Level 3 -- Attendance: 1428 (71,40%) -- Ticket Income $85,680
Level 4 -- Attendance: 3281 (82,03%) -- Ticket Income $131,240
Luxury Box -- Attendance: 994 (99,40%) -- Ticket Income $228,620
Game was played at the Staples Center.
Total Attendance: 15410 (85,05%)
Total Ticket Income: $1,566,535
Other Income: $313,307
Total Income: $1,879,842



Team Name Goals Shots Shots Attemp Shots Blocked PIM HIT PP PK FO%
NASHVILLE Predators 3254946172 / 6 (33%)052%
LOS ANGELES Kings 11531212220 / 3 (0%)248%

NASHVILLE Predators
Player Name POS G A P +/- PIM HIT SHT SB MP PP MP PP SHT PK MP PK SHT FO% FOT
Alexander NylanderRW0000010011:080:0000:000100% 1
Andrew CoppC/LW0000024114:050:0002:57150% 4
Brett ConnollyLW/RW000001108:000:0003:2100% 1
Bryan RustLW/RW0110033019:333:3800:0000% 2
Calle JarnkrokC/LW/RW0000001018:263:0002:04060% 5
Cam FowlerD022-1001024:274:2713:3300% 0
Chris TanevD0001002013:220:2000:0900% 0
Colin WhiteC/RW000000005:581:1900:000100% 1
Erik BrannstromD0000001023:094:1213:1300% 0
Erik GustafssonD0001200018:414:4701:4600% 0
Filip ForsbergLW1010014019:333:3810:0000% 0
Henrik BorgstromC000000004:390:0000:00060% 5
Josh MorrisseyD000-1250017:100:0000:0000% 0
Kevin LabancLW/RW0110001118:435:2100:0000% 0
Leon DraisaitlC/LW/RW1230013021:074:4020:32064% 11
Niko MikkolaD0000030123:094:1203:1300% 0
Ryan DonatoC/LW0000202112:480:0001:41044% 16
Vladislav NamestnikovC/LW/RW1010002020:025:2111:19052% 21
LOS ANGELES Kings
Player Name POS G A P +/- PIM HIT SHT SB MP PP MP PP SHT PK MP PK SHT FO% FOT
Arber XhekajD000-1210121:233:0203:2300% 0
Axel Jonsson FjallbyLW000000004:360:0000:0000% 0
Brayden SchennC/LW/RW0000024018:093:1210:0000% 0
Brock McGinnLW/RW0000000013:560:0004:4200% 1
Calen AddisonD0111000023:482:5505:0700% 0
Chandler StephensonC/LW0000001013:163:1210:50038% 13
Derek ForbortD0000230014:180:0000:0000% 0
Jakob SilfverbergLW/RW0000003018:093:1210:00050% 2
Jason ZuckerLW/RW1010222019:012:4500:0000% 2
Jesse YlonenRW000000004:360:0000:0000% 0
Mats ZuccarelloLW/RW0000004022:472:4503:450100% 1
Matt Irwin D0000020016:350:0002:1600% 0
Mika ZibanejadC/LW/RW0110010019:022:4500:00060% 25
Nick BoninoC/LW000000008:240:0003:48050% 6
Nick FolignoC/LW/RW0000270013:340:0004:21050% 8
Nicolas RoyC0000010015:290:0000:32033% 9
Olli MaattaD000-1210021:463:0203:4600% 0
Thomas ChabotD0001221122:062:5503:2600% 0



Play-by-Play

1st period


0:01 of 1st period - Leon Draisaitl wins face-off versus Mika Zibanejad in neutral zone.
0:01 of 1st period - Cam Fowler is hit by Jason Zucker and loses puck.
0:22 of 1st period - Shot by Filip Forsberg.
0:22 of 1st period - Stopped by Cayden Primeau without a rebound.
0:23 of 1st period - Vladislav Namestnikov wins face-off versus Nicolas Roy in LOS ANGELES Kings zone.
0:50 of 1st period - Shot by Brayden Schenn.
0:50 of 1st period - Shot Misses the Net.
1:00 of 1st period - Shot by Jakob Silfverberg.
1:00 of 1st period - Shot Hit the Post.
1:02 of 1st period - Shot by Brayden Schenn.
1:02 of 1st period - Stopped by Matt Murray without a rebound.
1:03 of 1st period - Ryan Donato wins face-off versus Chandler Stephenson in NASHVILLE Predators zone.
1:05 of 1st period - Alexander Nylander is hit by Nick Foligno.
1:46 of 1st period - Ryan Donato is hit by Nick Foligno and loses puck.
1:56 of 1st period - Brock McGinn is hit by Alexander Nylander.
2:04 of 1st period - Brock McGinn is hit by Andrew Copp and loses puck.
2:20 of 1st period - Nick Foligno is hit by Bryan Rust and loses puck.
2:25 of 1st period - Filip Forsberg is hit by Nick Foligno and loses puck.
2:48 of 1st period - Shot by Jason Zucker.
2:48 of 1st period - Goal by Jason Zucker - NASHVILLE Predators : 0 - LOS ANGELES Kings : 1.
2:49 of 1st period - Nick Bonino wins face-off versus Vladislav Namestnikov in neutral zone.
3:08 of 1st period - Shot by Nick Bonino.
3:08 of 1st period - Shot Blocked by Kevin Labanc.
3:41 of 1st period - Off-side.
3:42 of 1st period - Mika Zibanejad wins face-off versus Leon Draisaitl in neutral zone.
3:54 of 1st period - Mats Zuccarello is hit by Josh Morrissey and loses puck.
4:14 of 1st period - Calen Addison is hit by Josh Morrissey and loses puck.
5:34 of 1st period - Brett Connolly is hit by Derek Forbort and loses puck.
5:38 of 1st period - Minor Penalty to Derek Forbort for Boarding.
5:39 of 1st period - Vladislav Namestnikov wins face-off versus Nick Foligno in LOS ANGELES Kings zone.
5:40 of 1st period - Shot by Kevin Labanc.
5:40 of 1st period - Shot Misses the Net.
6:10 of 1st period - Shot by Kevin Labanc.
6:10 of 1st period - Shot Misses the Net.
6:16 of 1st period - Shot by Erik Brannstrom.
6:16 of 1st period - Stopped by Cayden Primeau with a rebound.
8:02 of 1st period - Shot by Josh Morrissey.
8:02 of 1st period - Shot Misses the Net.
8:33 of 1st period - Icing by Erik Gustafsson.
8:34 of 1st period - Nicolas Roy wins face-off versus Henrik Borgstrom in NASHVILLE Predators zone.
8:41 of 1st period - Shot by Jakob Silfverberg.
8:41 of 1st period - Stopped by Matt Murray without a rebound.
8:42 of 1st period - Leon Draisaitl wins face-off versus Nicolas Roy in NASHVILLE Predators zone.
8:44 of 1st period - Erik Gustafsson is hit by Brayden Schenn and loses puck.
8:48 of 1st period - Minor Penalty to Erik Gustafsson for Roughing.
8:49 of 1st period - Andrew Copp wins face-off versus Chandler Stephenson in NASHVILLE Predators zone.
8:58 of 1st period - Shot by Andrew Copp.
8:58 of 1st period - Stopped by Cayden Primeau without a rebound.
8:59 of 1st period - Chandler Stephenson wins face-off versus Andrew Copp in LOS ANGELES Kings zone.
9:08 of 1st period - Shot by Brayden Schenn.
9:08 of 1st period - Stopped by Matt Murray with a rebound.
9:10 of 1st period - Shot by Chandler Stephenson.
9:10 of 1st period - Stopped by Matt Murray with a rebound.
9:12 of 1st period - Shot by Brayden Schenn.
9:12 of 1st period - Shot Blocked by Andrew Copp.
9:14 of 1st period - Shot by Brayden Schenn.
9:14 of 1st period - Shot Misses the Net.
9:36 of 1st period - Shot by Arber Xhekaj.
9:36 of 1st period - Shot Blocked by Niko Mikkola.
9:38 of 1st period - Shot by Jakob Silfverberg.
9:38 of 1st period - Stopped by Matt Murray without a rebound.
9:39 of 1st period - Mika Zibanejad wins face-off versus Ryan Donato in NASHVILLE Predators zone.
10:16 of 1st period - Icing by Calen Addison.
10:17 of 1st period - Ryan Donato wins face-off versus Mika Zibanejad in LOS ANGELES Kings zone.
12:31 of 1st period - Calle Jarnkrok is hit by Olli Maatta and loses puck.
12:42 of 1st period - Shot by Kevin Labanc.
12:42 of 1st period - Stopped by Cayden Primeau without a rebound.
12:43 of 1st period - Ryan Donato wins face-off versus Mika Zibanejad in LOS ANGELES Kings zone.
12:48 of 1st period - Shot by Andrew Copp.
12:48 of 1st period - Shot Blocked by Thomas Chabot.
12:50 of 1st period - Shot by Ryan Donato.
12:50 of 1st period - Stopped by Cayden Primeau without a rebound.
12:51 of 1st period - Calle Jarnkrok wins face-off versus Mika Zibanejad in LOS ANGELES Kings zone.
13:49 of 1st period - Off-side.
13:50 of 1st period - Leon Draisaitl wins face-off versus Nicolas Roy in neutral zone.
15:03 of 1st period - Icing by Chris Tanev.
15:04 of 1st period - Mika Zibanejad wins face-off versus Ryan Donato in NASHVILLE Predators zone.
15:22 of 1st period - Icing by Chris Tanev.
15:23 of 1st period - Ryan Donato wins face-off versus Chandler Stephenson in NASHVILLE Predators zone.
15:23 of 1st period - Ryan Donato is hit by Nick Foligno.
15:37 of 1st period - Shot by Alexander Nylander.
15:37 of 1st period - Shot Misses the Net.
15:39 of 1st period - Shot by Andrew Copp.
15:39 of 1st period - Stopped by Cayden Primeau without a rebound.
15:40 of 1st period - Mika Zibanejad wins face-off versus Vladislav Namestnikov in LOS ANGELES Kings zone.
15:45 of 1st period - Minor Penalty to Jason Zucker for Cross-checking.
15:46 of 1st period - Nick Foligno wins face-off versus Calle Jarnkrok in LOS ANGELES Kings zone.
15:46 of 1st period - Brock McGinn is hit by Bryan Rust and loses puck.
16:17 of 1st period - Icing by Erik Brannstrom.
16:18 of 1st period - Calle Jarnkrok wins face-off versus Nick Bonino in NASHVILLE Predators zone.
16:31 of 1st period - Shot by Erik Brannstrom.
16:31 of 1st period - Shot Misses the Net.
16:33 of 1st period - Shot by Filip Forsberg.
16:33 of 1st period - Stopped by Cayden Primeau with a rebound.
16:35 of 1st period - Shot by Niko Mikkola.
16:35 of 1st period - Shot Misses the Net.
16:37 of 1st period - Shot by Bryan Rust.
16:37 of 1st period - Shot Misses the Net.
17:29 of 1st period - Shot by Vladislav Namestnikov.
17:29 of 1st period - Shot Misses the Net.
17:47 of 1st period - Shot by Bryan Rust.
17:47 of 1st period - Stopped by Cayden Primeau without a rebound.
17:48 of 1st period - Chandler Stephenson wins face-off versus Ryan Donato in LOS ANGELES Kings zone.
18:23 of 1st period - Icing by Brock McGinn.
18:24 of 1st period - Leon Draisaitl wins face-off versus Chandler Stephenson in LOS ANGELES Kings zone.
18:31 of 1st period - Shot by Bryan Rust.
18:31 of 1st period - Shot Misses the Net.
Goals for this period are 0 for NASHVILLE Predators vs 1 for LOS ANGELES Kings .
Shots for this period are 8 for NASHVILLE Predators vs 6 for LOS ANGELES Kings .

2nd period


0:01 of 2nd period - Vladislav Namestnikov wins face-off versus Mika Zibanejad in neutral zone.
0:32 of 2nd period - Jason Zucker is hit by Josh Morrissey and loses puck.
1:48 of 2nd period - Shot by Brayden Schenn.
1:48 of 2nd period - Stopped by Matt Murray with a rebound.
1:56 of 2nd period - Icing by Jakob Silfverberg.
1:57 of 2nd period - Nicolas Roy wins face-off versus Henrik Borgstrom in LOS ANGELES Kings zone.
1:57 of 2nd period - Nicolas Roy is hit by Brett Connolly.
2:48 of 2nd period - Brayden Schenn is hit by Josh Morrissey and loses puck.
4:24 of 2nd period - Jason Zucker is hit by Niko Mikkola and loses puck.
5:18 of 2nd period - Shot by Andrew Copp.
5:18 of 2nd period - Stopped by Cayden Primeau without a rebound.
5:19 of 2nd period - Nick Bonino wins face-off versus Ryan Donato in LOS ANGELES Kings zone.
5:23 of 2nd period - Off-side.
5:24 of 2nd period - Ryan Donato wins face-off versus Chandler Stephenson in neutral zone.
5:34 of 2nd period - Minor Penalty to Nick Foligno for Interference.
5:35 of 2nd period - Vladislav Namestnikov wins face-off versus Brock McGinn in LOS ANGELES Kings zone.
5:40 of 2nd period - Shot by Cam Fowler.
5:40 of 2nd period - Stopped by Cayden Primeau without a rebound.
5:41 of 2nd period - Chandler Stephenson wins face-off versus Vladislav Namestnikov in LOS ANGELES Kings zone.
6:17 of 2nd period - Shot by Leon Draisaitl.
6:17 of 2nd period - Shot Misses the Net.
6:19 of 2nd period - Shot by Vladislav Namestnikov.
6:19 of 2nd period - Goal by Vladislav Namestnikov - NASHVILLE Predators : 1 - LOS ANGELES Kings : 1.
6:20 of 2nd period - Mika Zibanejad wins face-off versus Ryan Donato in neutral zone.
6:48 of 2nd period - Icing by Derek Forbort.
6:49 of 2nd period - Henrik Borgstrom wins face-off versus Mika Zibanejad in LOS ANGELES Kings zone.
6:49 of 2nd period - Henrik Borgstrom is hit by Derek Forbort.
7:45 of 2nd period - Josh Morrissey is hit by Thomas Chabot and loses puck.
7:58 of 2nd period - Shot by Thomas Chabot.
7:58 of 2nd period - Shot Misses the Net.
8:04 of 2nd period - Shot by Filip Forsberg.
8:04 of 2nd period - Shot Misses the Net.
8:15 of 2nd period - Leon Draisaitl is hit by Thomas Chabot and loses puck.
8:16 of 2nd period - Minor Penalty to Thomas Chabot for Boarding.
8:17 of 2nd period - Vladislav Namestnikov wins face-off versus Nick Foligno in LOS ANGELES Kings zone.
8:34 of 2nd period - Shot by Leon Draisaitl.
8:34 of 2nd period - Stopped by Cayden Primeau with a rebound.
9:14 of 2nd period - Shot by Filip Forsberg.
9:14 of 2nd period - Shot Misses the Net.
9:31 of 2nd period - Icing by Filip Forsberg.
9:32 of 2nd period - Calle Jarnkrok wins face-off versus Nick Bonino in NASHVILLE Predators zone.
9:44 of 2nd period - Off-side.
9:45 of 2nd period - Nick Foligno wins face-off versus Vladislav Namestnikov in neutral zone.
9:57 of 2nd period - Off-side.
9:58 of 2nd period - Nick Foligno wins face-off versus Vladislav Namestnikov in neutral zone.
10:06 of 2nd period - Icing by Leon Draisaitl.
10:07 of 2nd period - Nick Foligno wins face-off versus Vladislav Namestnikov in NASHVILLE Predators zone.
10:14 of 2nd period - Shot by Brock McGinn.
10:14 of 2nd period - Shot Misses the Net.
11:01 of 2nd period - Minor Penalty to Ryan Donato for Slashing.
11:02 of 2nd period - Mika Zibanejad wins face-off versus Andrew Copp in NASHVILLE Predators zone.
12:16 of 2nd period - Shot by Jakob Silfverberg.
12:16 of 2nd period - Shot Misses the Net.
13:14 of 2nd period - Derek Forbort is hit by Filip Forsberg and loses puck.
13:32 of 2nd period - Nick Bonino is hit by Bryan Rust and loses puck.
13:44 of 2nd period - Off-side.
13:45 of 2nd period - Henrik Borgstrom wins face-off versus Mika Zibanejad in neutral zone.
13:50 of 2nd period - Shot by Brett Connolly.
13:50 of 2nd period - Stopped by Cayden Primeau without a rebound.
13:51 of 2nd period - Ryan Donato wins face-off versus Mika Zibanejad in LOS ANGELES Kings zone.
14:19 of 2nd period - Jason Zucker is hit by Niko Mikkola and loses puck.
15:01 of 2nd period - Minor Penalty to Josh Morrissey for Holding.
15:02 of 2nd period - Andrew Copp wins face-off versus Chandler Stephenson in NASHVILLE Predators zone.
15:22 of 2nd period - Off-side.
15:23 of 2nd period - Mika Zibanejad wins face-off versus Brett Connolly in neutral zone.
15:48 of 2nd period - Shot by Jason Zucker.
15:48 of 2nd period - Shot Misses the Net.
16:21 of 2nd period - Icing by Brayden Schenn.
16:22 of 2nd period - Jakob Silfverberg wins face-off versus Ryan Donato in LOS ANGELES Kings zone.
16:35 of 2nd period - Erik Brannstrom is hit by Brayden Schenn and loses puck.
18:16 of 2nd period - Shot by Mats Zuccarello.
18:16 of 2nd period - Shot Misses the Net.
18:18 of 2nd period - Shot by Mats Zuccarello.
18:18 of 2nd period - Stopped by Matt Murray without a rebound.
18:19 of 2nd period - Vladislav Namestnikov wins face-off versus Nicolas Roy in NASHVILLE Predators zone.
18:42 of 2nd period - Shot by Vladislav Namestnikov.
18:42 of 2nd period - Stopped by Cayden Primeau with a rebound.
19:33 of 2nd period - Icing by Thomas Chabot.
19:34 of 2nd period - Mika Zibanejad wins face-off versus Bryan Rust in LOS ANGELES Kings zone.
19:42 of 2nd period - Mats Zuccarello is hit by Josh Morrissey and loses puck.
Goals for this period are 1 for NASHVILLE Predators vs 0 for LOS ANGELES Kings .
Shots for this period are 6 for NASHVILLE Predators vs 2 for LOS ANGELES Kings .

3rd period


0:01 of 3rd period - Vladislav Namestnikov wins face-off versus Jason Zucker in neutral zone.
0:01 of 3rd period - Vladislav Namestnikov is hit by Mika Zibanejad.
0:05 of 3rd period - Shot by Calle Jarnkrok.
0:05 of 3rd period - Stopped by Cayden Primeau with a rebound.
1:25 of 3rd period - Leon Draisaitl is hit by Nick Foligno and loses puck.
1:32 of 3rd period - Erik Brannstrom is hit by Nick Foligno and loses puck.
1:38 of 3rd period - Brock McGinn is hit by Niko Mikkola and loses puck.
2:20 of 3rd period - Shot by Nicolas Roy.
2:20 of 3rd period - Shot Misses the Net.
3:24 of 3rd period - Shot by Thomas Chabot.
3:24 of 3rd period - Stopped by Matt Murray without a rebound.
3:25 of 3rd period - Henrik Borgstrom wins face-off versus Mika Zibanejad in NASHVILLE Predators zone.
3:25 of 3rd period - Henrik Borgstrom is hit by Jason Zucker.
3:32 of 3rd period - Minor Penalty to Arber Xhekaj for Tripping.
3:33 of 3rd period - Vladislav Namestnikov wins face-off versus Nick Foligno in LOS ANGELES Kings zone.
3:50 of 3rd period - Shot by Leon Draisaitl.
3:50 of 3rd period - Goal by Leon Draisaitl - NASHVILLE Predators : 2 - LOS ANGELES Kings : 1.
3:51 of 3rd period - Mika Zibanejad wins face-off versus Ryan Donato in neutral zone.
3:58 of 3rd period - Shot by Mats Zuccarello.
3:58 of 3rd period - Stopped by Matt Murray with a rebound.
4:31 of 3rd period - Shot by Mats Zuccarello.
4:31 of 3rd period - Stopped by Matt Murray with a rebound.
5:03 of 3rd period - Thomas Chabot is hit by Leon Draisaitl.
5:31 of 3rd period - Shot by Filip Forsberg.
5:31 of 3rd period - Shot Misses the Net.
6:23 of 3rd period - Shot by Brayden Schenn.
6:23 of 3rd period - Stopped by Matt Murray with a rebound.
6:25 of 3rd period - Shot by Jakob Silfverberg.
6:25 of 3rd period - Stopped by Matt Murray without a rebound.
6:26 of 3rd period - Nick Bonino wins face-off versus Vladislav Namestnikov in NASHVILLE Predators zone.
6:41 of 3rd period - Shot by Nick Bonino.
6:41 of 3rd period - Deflect By Jesse Ylonen.
6:41 of 3rd period - Shot Misses the Net.
7:08 of 3rd period - Icing by Erik Brannstrom.
7:09 of 3rd period - Mika Zibanejad wins face-off versus Vladislav Namestnikov in NASHVILLE Predators zone.
7:45 of 3rd period - Icing by Olli Maatta.
7:46 of 3rd period - Alexander Nylander wins face-off versus Jason Zucker in LOS ANGELES Kings zone.
7:49 of 3rd period - Shot by Ryan Donato.
7:49 of 3rd period - Stopped by Cayden Primeau without a rebound.
7:49 of 3rd period - Minor Penalty to Olli Maatta for Cross-checking.
7:50 of 3rd period - Colin White wins face-off versus Nick Foligno in LOS ANGELES Kings zone.
8:01 of 3rd period - Shot by Bryan Rust.
8:01 of 3rd period - Shot Blocked by Arber Xhekaj.
8:03 of 3rd period - Shot by Filip Forsberg.
8:03 of 3rd period - Shot Misses the Net.
8:47 of 3rd period - Shot by Kevin Labanc.
8:47 of 3rd period - Shot Misses the Net.
8:55 of 3rd period - Shot by Vladislav Namestnikov.
8:55 of 3rd period - Shot Misses the Net.
9:28 of 3rd period - Off-side.
9:29 of 3rd period - Vladislav Namestnikov wins face-off versus Nick Bonino in neutral zone.
9:58 of 3rd period - Shot by Brayden Schenn.
9:58 of 3rd period - Shot Blocked by Ryan Donato.
11:05 of 3rd period - Shot by Jason Zucker.
11:05 of 3rd period - Shot Misses the Net.
11:07 of 3rd period - Shot by Mats Zuccarello.
11:07 of 3rd period - Stopped by Matt Murray without a rebound.
11:08 of 3rd period - Chandler Stephenson wins face-off versus Leon Draisaitl in NASHVILLE Predators zone.
11:27 of 3rd period - Shot by Bryan Rust.
11:27 of 3rd period - Shot Misses the Net.
11:29 of 3rd period - Shot by Chris Tanev.
11:29 of 3rd period - Stopped by Cayden Primeau without a rebound.
11:30 of 3rd period - Vladislav Namestnikov wins face-off versus Nicolas Roy in LOS ANGELES Kings zone.
11:32 of 3rd period - Calle Jarnkrok is hit by Matt Irwin .
11:41 of 3rd period - Calle Jarnkrok is hit by Matt Irwin and loses puck.
12:27 of 3rd period - Off-side.
12:28 of 3rd period - Mika Zibanejad wins face-off versus Leon Draisaitl in neutral zone.
12:31 of 3rd period - Shot by Jason Zucker.
12:31 of 3rd period - Stopped by Matt Murray without a rebound.
12:32 of 3rd period - Mika Zibanejad wins face-off versus Leon Draisaitl in NASHVILLE Predators zone.
12:49 of 3rd period - Shot by Leon Draisaitl.
12:49 of 3rd period - Shot Misses the Net.
12:51 of 3rd period - Shot by Bryan Rust.
12:51 of 3rd period - Shot Misses the Net.
12:53 of 3rd period - Shot by Bryan Rust.
12:53 of 3rd period - Stopped by Cayden Primeau without a rebound.
12:54 of 3rd period - Chandler Stephenson wins face-off versus Ryan Donato in LOS ANGELES Kings zone.
13:01 of 3rd period - Chandler Stephenson is hit by Andrew Copp and loses puck.
13:26 of 3rd period - Shot by Andrew Copp.
13:26 of 3rd period - Shot Misses the Net.
13:45 of 3rd period - Icing by Ryan Donato.
13:46 of 3rd period - Mika Zibanejad wins face-off versus Ryan Donato in NASHVILLE Predators zone.
13:53 of 3rd period - Shot by Jason Zucker.
13:53 of 3rd period - Shot Misses the Net.
14:02 of 3rd period - Icing by Erik Gustafsson.
14:03 of 3rd period - Ryan Donato wins face-off versus Nicolas Roy in NASHVILLE Predators zone.
14:03 of 3rd period - Ryan Donato is hit by Nicolas Roy.
14:30 of 3rd period - Leon Draisaitl is hit by Derek Forbort and loses puck.
14:46 of 3rd period - Off-side.
14:47 of 3rd period - Mats Zuccarello wins face-off versus Calle Jarnkrok in neutral zone.
15:14 of 3rd period - Shot by Vladislav Namestnikov.
15:14 of 3rd period - Shot Hit the Post.
15:19 of 3rd period - Off-side.
15:20 of 3rd period - Leon Draisaitl wins face-off versus Chandler Stephenson in neutral zone.
15:22 of 3rd period - Bryan Rust is hit by Arber Xhekaj.
15:43 of 3rd period - Icing by Josh Morrissey.
15:44 of 3rd period - Leon Draisaitl wins face-off versus Jakob Silfverberg in NASHVILLE Predators zone.
16:26 of 3rd period - Off-side.
16:27 of 3rd period - Mika Zibanejad wins face-off versus Vladislav Namestnikov in neutral zone.
16:43 of 3rd period - Icing by Niko Mikkola.
16:44 of 3rd period - Vladislav Namestnikov wins face-off versus Chandler Stephenson in NASHVILLE Predators zone.
16:44 of 3rd period - Calle Jarnkrok is hit by Nick Foligno and loses puck.
17:42 of 3rd period - Shot by Andrew Copp.
17:42 of 3rd period - Stopped by Cayden Primeau without a rebound.
17:43 of 3rd period - Leon Draisaitl wins face-off versus Mika Zibanejad in LOS ANGELES Kings zone.
18:10 of 3rd period - Shot by Filip Forsberg.
18:10 of 3rd period - Stopped by Cayden Primeau with a rebound.
18:12 of 3rd period - Shot by Bryan Rust.
18:12 of 3rd period - Shot Misses the Net.
18:14 of 3rd period - Shot by Chris Tanev.
18:14 of 3rd period - Stopped by Cayden Primeau with a rebound.
18:22 of 3rd period - Shot by Bryan Rust.
18:22 of 3rd period - Stopped by Cayden Primeau with a rebound.
18:24 of 3rd period - Shot by Leon Draisaitl.
18:24 of 3rd period - Stopped by Cayden Primeau with a rebound.
18:28 of 3rd period - Shot by Bryan Rust.
18:28 of 3rd period - Deflect By Filip Forsberg.
18:28 of 3rd period - Goal by Filip Forsberg - NASHVILLE Predators : 3 - LOS ANGELES Kings : 1.
18:29 of 3rd period - Nicolas Roy wins face-off versus Vladislav Namestnikov in neutral zone.
19:32 of 3rd period - Off-side.
19:33 of 3rd period - Mika Zibanejad wins face-off versus Bryan Rust in neutral zone.
Goals for this period are 2 for NASHVILLE Predators vs 0 for LOS ANGELES Kings .
Shots for this period are 11 for NASHVILLE Predators vs 7 for LOS ANGELES Kings .